 Dungeon Crawl Stone Soup version 0.31.0-32-g396128a36d (webtiles) character file.

Game seed: 11377030737134318780

6538 tizbic2 the Grappler (level 10, -11/93 (96) HPs)
             Began as a Troll Shapeshifter on Mar 19, 2024.
             Was an Elder of Wu Jian.
             Mangled by Alphaeus's ghost (21 damage)
             ... on level 9 of the Dungeon.
             The game lasted 00:39:54 (8133 turns).

tizbic2 the Grappler (Troll Shapeshifter)           Turns: 8133, Time: 00:39:54

HP:   -11/93 (96)   AC:  7    Str: 34    XL:     10   Next: 70%
MP:   9/9           EV: 11    Int:  6    God:    Wu Jian [****..]
Gold: 299           SH:  4    Dex:  9    Spells: 9/9 levels left

rFire   . .          .
                       - Unarmed
rCold   . . .        (no shield)
rNeg    . . .        t - +0 steam dragon scales
rPois   .            (helmet currently unavailable)
rElec   .            (cloak currently unavailable)
rCorr   .            (gloves unavailable)
SInv    .            (boots unavailable)
Will    +....        R - amulet of the acrobat
Stlth   +            x - +6 ring of strength
HPRegen 1.15/turn    y - ring of willpower
MPRegen 0.11/turn

%: acrobat
@: beast-form, hasted, lightly drained, very quick
A: beast (slay +4), large, unfitting armour, claws 3, regeneration 1, shaggy fur
1, tough skin 1, hooves 1, large bone plates 1, wild magic 1, MP-powered wands
a: Begin Untransformation, Renounce Religion, Wall Jump, Serpent's Lash


You were on level 9 of the Dungeon.
You worshipped Wu Jian.
Wu Jian was greatly pleased with you.
You were a hulking beast.
You visited 2 branches of the dungeon, and saw 10 of its levels.
You also visited: Ossuary.

You collected 489 gold pieces.
You spent 190 gold pieces at shops.

Inventory:

Hand Weapons
 l - a +1 hand axe of venom
 p - a +0 arbalest
 z - a +1 dagger of holy wrath
Missiles
 h - 8 boomerangs (quivered)
 H - a throwing net
 U - 2 curare-tipped darts
Armour
 a - an orb of energy
 s - a +0 cloak
 t - +0 steam dragon scales (worn)
 E - a +2 robe of willpower
 J - a +1 robe of resistance
 M - a +0 troll leather armour
Magical Staves
 n - a staff of alchemy
Jewellery
 x - a +6 ring of strength (left claw)
 y - a ring of willpower (right claw)
 A - a +6 ring of intelligence
 D - a ring of protection from cold
 F - a +6 ring of dexterity
 K - a ring of protection from fire
 P - a ring of magical power
 R - an amulet of the acrobat (around neck)
Talismans
 c - a beast talisman (active)
 d - a flux talisman
 T - a blade talisman
Wands
 q - a wand of iceblast (14)
 G - a wand of light (9)
Scrolls
 b - 2 scrolls of poison
 m - 4 scrolls of fog
 u - a scroll of amnesia {unknown}
 B - 2 scrolls of teleportation
 L - a scroll of revelation {unknown}
 O - a scroll of identify
Potions
 f - 6 potions of curing
 g - a potion of brilliance
 i - 4 potions of mutation
 j - 3 potions of degeneration {unknown}
 k - 4 potions of attraction {unknown}
 o - 2 potions of invisibility {unknown}
 r - 4 potions of heal wounds {unknown}
 v - a potion of resistance {unknown}
 w - 6 potions of enlightenment
 C - a potion of might
 I - 2 potions of berserk rage {unknown}
 Q - a potion of cancellation {unknown}
 S - a potion of ambrosia {unknown}


   Skills:
 + Level 5.4 Fighting
 + Level 2.0 Armour
 + Level 5.6 Dodging
 * Level 9.9 Unarmed Combat
 * Level 9.2 Shapeshifting


You had 9 spell levels left.
You didn't know any spells.
Your spell library contained the following spells:

 Spells                   Type           Power      Damage    Failure   Level
 Passage of Golubria      Tloc           0%         N/A       99%         4
 Silence                  Hex/Air        0%         N/A       100%        5
 Lehudib's Crystal Spear  Conj/Erth      0%         10d2      100%        8
 Chain Lightning          Conj/Air       0%         N/A       100%        9
 Fire Storm               Conj/Fire      0%         5d1       100%        9
 Shatter                  Erth           0%         3d5*      100%        9


Dungeon Overview and Level Annotations

Branches:
Dungeon (9/15)             Temple (1/1) D:7         Ossuary (visited)
   Lair: D:8-11         Orc: D:9-12

Altars:
Ashenzari
Cheibriados
Dithmenos
Elyvilon
Fedhas
Gozag
Hepliaklqana
Kikubaaqudgha
Makhleb
Nemelex Xobeh
Okawaru
Qazlal
Ru
Sif Muna
Trog
Uskayaw
Wu Jian
Xom
Yredelemnul
Zin
The Shining One

Shops:
D:2 :   D:5 :   D:6 *

Annotations:
D:9 Alphaeus's ghost, novice TrSh


Innate Abilities, Weirdness & Mutations

You are a hulking beast.
Your limbs bulge with bestial killing power. (Slay +4)
You are too large for most types of armour.
You have claws for hands.
Your natural rate of healing is unusually fast.
You are covered in fur. (AC +1)
You have tough skin. (AC +1)
You have large cloven feet.
You are partially covered in large bone plates. (SH +4)
Your spells are a little harder to cast, but a little more powerful.
You expend magic power (3 MP) to strengthen your wands.


Message History

The spectral centaur warrior hits you.
The spectral centaur warrior kicks you but does no damage.
You claw the spectral centaur warrior!
The spectral centaur warrior is severely damaged.
The spectral centaur warrior hits you but does no damage.
The spectral centaur warrior kicks you but does no damage.
You mangle Alphaeus's ghost!! You kick Alphaeus's ghost.
Alphaeus's ghost is moderately damaged.
You closely miss Alphaeus's ghost. You kick Alphaeus's ghost.
Alphaeus's ghost is moderately damaged.
Alphaeus's ghost hits you but does no damage.
You closely miss Alphaeus's ghost. You kick Alphaeus's ghost.
Alphaeus's ghost is moderately damaged.
Alphaeus's ghost hits you!!
You claw Alphaeus's ghost!
Alphaeus's ghost is moderately damaged.
Alphaeus's ghost hits you!!
You closely miss Alphaeus's ghost. You kick Alphaeus's ghost!
Alphaeus's ghost is heavily damaged.
You barely miss Alphaeus's ghost. You kick Alphaeus's ghost!
Alphaeus's ghost is heavily damaged.
Alphaeus's ghost says, "I break bones and crack skulls... with my bare hands."
You block Alphaeus's ghost's attack.
You mangle Alphaeus's ghost!!
Alphaeus's ghost is severely damaged.
Alphaeus's ghost hits you but does no damage.
You closely miss Alphaeus's ghost. Your kick misses Alphaeus's ghost.
You claw Alphaeus's ghost!!
Alphaeus's ghost is almost destroyed.
Alphaeus's ghost says, "I guess you can't buy your way into a good afterlife."
You block Alphaeus's ghost's attack.
You barely miss Alphaeus's ghost. Your kick misses Alphaeus's ghost.
Alphaeus's ghost is almost destroyed.
Alphaeus's ghost hits you!
You closely miss Alphaeus's ghost. You kick Alphaeus's ghost.
Alphaeus's ghost is almost destroyed.
Alphaeus's ghost hits you!!
* * * LOW HITPOINT WARNING * * *
You feel yourself speed up. Alphaeus's ghost hits you!!
You die...

###.# ##...# #..### ##
##.############ .#
###.............#
.###...............####
.#...#..[.............+
...###.............#### # #
.[..############h####.#.#.#
#§..## #W#..#.....# §§§..##
#Z...W...$## §§§.§§##
##...Z...!.# ....§§§###
##..'...$## §§§§§§§§§##
#..#....[# .._§§§§...#
####.#.#.# §§........# ###
# # §§.§§..##.


You could see a spectral centaur warrior and Alphaeus's ghost.

Vanquished Creatures
  The ghost of Dungobob the Cleaver, a novice MiFi of Okawaru (D:8)
  Maggie (D:7)
  A troll (D:7)
  A hornet (D:7)
  A vampire (D:9)
  Sigmund (D:2)
  5 yaks (D:8)
  Eustachio (D:4)
  A steam dragon (D:8)
  Edmund (D:6)
  3 water moccasins
  An orc warrior (D:9)
  2 sky beasts (D:8)
  A black bear (D:6)
  2 ogres
  2 phantoms
  2 kobold brigands
  4 bullfrogs
  2 gnoll sergeants (D:7)
  11 scorpions
  4 wights (D:6)
  4 bombardier beetles
  3 human zombies (Ossuary)
  A gnoll bouda (D:5)
  A hound (D:7)
  7 orc priests
  2 sleepcaps
  Ijyb (D:4)
  Terence (D:2)
  5 iguanas
  5 scorpion zombies (Ossuary)
  5 orc wizards
  3 mummies (Ossuary)
  23 gnolls
  8 adders
  2 white imps
  2 ufetubi (D:5)
  3 ribbon worms
  26 orcs
  9 endoplasms
  6 giant cockroaches
  9 goblins
  7 hobgoblins
  10 jackals
  3 quokkas
  7 ball pythons
  2 ball python zombies (Ossuary)
  6 bats
  4 frilled lizards
  3 gnoll zombies (Ossuary)
  3 jackal zombies (Ossuary)
  17 kobolds
  An orc zombie (Ossuary)
  11 rats
248 creatures vanquished.

Notes
Turn   | Place    | Note
-------+----------+-------------------------------------------
     0 | D:1      | tizbic2 the Troll Shapeshifter began the quest for the Orb.
     0 | D:1      | Reached XP level 1. HP: 18/18 MP: 0/0
    97 | D:1      | Reached XP level 2. HP: 24/26 MP: 1/1
   106 | D:1      | Reached skill level 1 in Fighting
   187 | D:1      | Reached XP level 3. HP: 33/33 MP: 2/2
   738 | D:2      | Found Veije's Book Emporium.
   759 | D:2      | Reached XP level 4. HP: 37/41 MP: 3/3
   814 | D:2      | Noticed Terence
   820 | D:2      | Killed Terence
   979 | D:2      | Noticed Sigmund
  1010 | D:2      | Killed Sigmund
  1011 | D:2      | Reached XP level 5. HP: 28/49 MP: 4/4
  1011 | D:2      | Reached XP level 6. HP: 33/57 MP: 5/5
  1466 | D:3      | Found an ornate altar of the Wu Jian Council.
  1473 | D:3      | Noticed a spectral centipede
  1473 | D:3      | Noticed a spectral black mamba
  1473 | D:3      | Noticed a spectral cane toad
  1474 | D:3      | Became a worshipper of the Wu Jian Council
  1607 | D:3      | Reached skill level 5 in Unarmed Combat
  1691 | D:3      | Found a burning altar of Makhleb.
  1698 | D:3      | Found a hazy altar of Hepliaklqana.
  1703 | D:3      | Found an opulent altar of Gozag.
  1823 | D:3      | Gained mutation: You have hidden genetic potential. [potion
                  | of mutation]
  1823 | D:3      | Gained mutation: Your spells are a little harder to cast,
                  | but a little more powerful. [potion of mutation]
  1823 | D:3      | Gained mutation: You expend magic power (3 MP) to
                  | strengthen your wands. [potion of mutation]
  1851 | D:3      | Found a sacrificial altar of Ru.
  1966 | D:3      | Reached * piety under Wu Jian
  2316 | D:4      | Reached XP level 7. HP: 66/66 MP: 6/6
  2437 | D:4      | Noticed Eustachio
  2448 | D:4      | Killed Eustachio
  2449 | D:4      | Reached skill level 5 in Shapeshifting
  2481 | D:4      | Gained mutation: You are partially covered in large bone
                  | plates. (SH +4) [hidden potential]
  2494 | D:4      | Noticed Ijyb
  2504 | D:4      | Killed Ijyb
  2759 | D:4      | Found a glowing golden altar of the Shining One.
  3067 | D:5      | Entered Level 5 of the Dungeon
  3145 | D:5      | Found Yrym's Book Shop.
  3373 | D:5      | Reached XP level 8. HP: 75/75 MP: 7/7
  3397 | D:5      | Found an iron altar of Okawaru.
  3439 | D:5      | Reached ** piety under Wu Jian
  3462 | D:5      | Gained mutation: You have large cloven feet. [hidden
                  | potential]
  3462 | D:5      | Lost mutation: You have hidden genetic potential. [hidden
                  | potential expressed]
  3907 | D:6      | Found Zerph's General Store.
  3916 | D:6      | Bought a +1 robe of willpower for 190 gold pieces
  4038 | D:6      | Found a sand-covered staircase.
  4115 | Ossuary  | Entered an ossuary
  4153 | Ossuary  | Reached XP level 9. HP: 81/84 MP: 8/8
  4321 | Ossuary  | Reached *** piety under Wu Jian
  4429 | D:6      | Identified the +1 helmet of Eternal Night {rElec Int+2
                  | Dex+5 Stlth-}
  4557 | D:6      | Noticed Edmund
  4563 | D:6      | Killed Edmund
  5570 | D:7      | Noticed Maggie
  5574 | D:7      | Found a staircase to the Ecumenical Temple.
  5581 | D:7      | Killed Maggie
  5716 | D:7      | Noticed a troll
  5720 | D:7      | Killed a troll
  5721 | D:7      | Reached skill level 5 in Dodging
  5815 | D:7      | Reached XP level 10. HP: 94/94 MP: 9/9
  5993 | D:7      | Paralysed by a hornet for 2 turns
  6400 | Temple   | Entered the Ecumenical Temple
  6540 | D:8      | Found a runed translucent door.
  6545 | D:8      | Noticed Dungobob's ghost (novice MiFi)
  6564 | D:8      | Reached **** piety under Wu Jian
  6565 | D:8      | Reached skill level 5 in Fighting
  6624 | D:8      | Reached skill level 1 in Armour
  7670 | D:8      | Killed Dungobob's ghost
  7750 | D:9      | Found a shadowy altar of Dithmenos.
  7932 | D:9      | Found a stormy altar of Qazlal.
  7938 | D:9      | Found a blossoming altar of Fedhas.
  7955 | D:9      | Found a white marble altar of Elyvilon.
  8108 | D:9      | Noticed a spectral centaur warrior
  8109 | D:9      | Found a runed translucent gate.
  8109 | D:9      | Found a runed translucent gate.
  8109 | D:9      | Found a runed translucent gate.
  8110 | D:9      | Noticed a spectral centaur warrior
  8111 | D:9      | Noticed a spectral centaur warrior
  8111 | D:9      | Noticed Alphaeus's ghost (novice TrSh)
  8133 | D:9      | Mangled by Alphaeus's ghost

Illustrated notes

Levels and vault maps discovered:
D:1:      ldierk_walled_garden_2, layout_loops_cross, minmay_misc_feat_iff
D:2:      layout_loops_cross, serial_shops, nicolae_shop_tiny_real_fake_doors,
          uniq_terence, uniq_sigmund
D:3:      layout_loops_corners, pdpol_wu_jian_five_deadly_venoms,
          lemuel_round_altar, grunt_temple_overflow_diamond
D:4:      layout_gridville, tso_oasis_becter, uniq_ijyb, uniq_eustachio
D:5:      layout_cave_pods, okawaru_gym_becter, serial_shops,
          nicolae_shop_rolling_square, chequers_serial_rivers_room_b,
          corner_web_ring
D:6:      layout_basic, serial_shops, shop,
          nicolae_ossuary_entry_false_entrances, uniq_edmund
D:7:      layout_loops_cross, minmay_temple_entry_gardened_gates, minivault_11,
          minmay_crystal_room, uniq_maggie
D:8:      layout_layer_cave, ebering_ghost_reflecting_pool
D:9:      layout_roguey, grunt_temple_overflow_forces_of_nature,
          mainiacjoe_overflow_24_doors, nicolae_dithmenos_the_darkroom,
          gammafunk_ghost_necromancy
Temple:   hellmonk_temple_beads

Skill      XL: |  1  2  3  4  5  6  7  8  9 10 |
---------------+-------------------------------+-----
Fighting       | 1 2 3 4 5 |  5.4
Dodging        | 2 3 4 5 |  5.6
Unarmed Combat | 4 5 6 7 9 |  9.9
Shapeshifting  | 4 5 6 8 9 |  9.2
Armour         | 2 |  2.0

Action                     |  1- 3 |  4- 6 |  7- 9 | 10-12 || total
---------------------------+-------+-------+-------+-------++-------
  Melee: Unarmed           |    81 |    99 |   266 |   121 ||   567
         Punch             |     1 |     2 |     3 |     4 ||    10
         Staff             |       |     9 |       |       ||     9
         Kick              |       |       |    49 |    35 ||    84
         Giant spiked club |       |       |       |    12 ||    12
   Fire: Shortbow          |       |       |       |     3 ||     3
  Throw: Boomerang         |       |       |     7 |     9 ||    16
Ability: Lunge             |       |    15 |    35 |     1 ||    51
         Whirlwind         |       |     1 |    25 |     9 ||    35
         Wall Jump         |       |       |    11 |     6 ||    17
    Use: Potion            |       |     2 |       |     2 ||     4
         Scroll            |       |     5 |     9 |       ||    14
 Armour: Animal skin       |    50 |    12 |       |       ||    62
         Skin              |       |    62 |     1 |       ||    63
         Robe              |       |    37 |   134 |       ||   171
         Troll leather arm |       |       |     1 |    21 ||    22
         Steam dragon scal |       |       |       |    83 ||    83
  Dodge: Dodged            |    37 |    39 |    71 |    60 ||   207
  Block: Other             |       |       |    21 |    12 ||    33
   Form: Beast             |     1 |       |     1 |     1 ||     3
         Flux              |       |       |     1 |       ||     1
         Blade             |       |       |       |     1 ||     1
